 Dungeon Crawl Stone Soup version 0.28.0-43-g3370ac3207 (webtiles) character file.

Game seed: 13164772362439674673

449 nickcage the Cudgeller (level 7, -16/41 HPs)
             Began as a Gargoyle Fighter on Mar 24, 2022.
             Killed from afar by Dowan (18 damage)
             ... with a shard of ice
             ... on level 4 of the Dungeon.
             The game lasted 00:07:15 (4048 turns).

nickcage the Cudgeller (Gargoyle Fighter)           Turns: 4048, Time: 00:07:16

Health: -16/41     AC: 12    Str: 22    XL:     7   Next: 4%
Magic:  7/7        EV:  9    Int:  8    God:
Gold:   137        SH:  5    Dex:  9    Spells: 6/6 levels left

rFire   . . .      SeeInvis .   a - +0 flail
rCold   . . .      Faith    .   c - +1 buckler
rNeg    + . .      Spirit   .   b - +0 scale mail
rPois   ∞          Reflect  .   h - +0 hat
rElec   +          Harm     .   (no cloak)
rCorr   .          Rampage  .   (no gloves)
Will    .....                   l - +0 pair of boots
Stlth   ..........              (no amulet)
HPRegen 0.13/turn               (no ring)
MPRegen 0.10/turn               (no ring)

@: hasted, very quick
A: sickness immunity, AC +4, negative energy resistance 1, electricity
resistance, torment resistance 1, petrification resistance
a: no special abilities


You were on level 4 of the Dungeon.
You visited 1 branch of the dungeon, and saw 4 of its levels.

You collected 137 gold pieces.

Inventory:

Hand Weapons
 a - a +0 flail (weapon)
Missiles
 g - 5 silver javelins (quivered)
Armour
 b - a +0 scale mail (worn)
 c - a +1 buckler (worn)
 h - a +0 hat (worn)
 l - a +0 pair of boots (worn)
Wands
 j - a wand of acid (7)
Scrolls
 e - a scroll of silence
 f - a scroll of immolation
 o - a scroll of identify
 q - a scroll of brand weapon {unknown}
 r - 2 scrolls of vulnerability {unknown}
 t - 2 scrolls of teleportation {unknown}
Potions
 d - a potion of might
 i - 3 potions of haste
 k - a potion of berserk rage
 m - a potion of attraction
 p - a potion of lignification {unknown}
 s - a potion of magic {unknown}


   Skills:
 - Level 3.2 Fighting
 + Level 7.3 Maces & Flails
 - Level 3.2 Armour
 - Level 3.2 Shields


You had 6 spell levels left.
You didn't know any spells.
Your spell library contained the following spells:

 Spells                   Type           Power      Damage    Failure   Level
 Animate Skeleton         Necr           0%         N/A       83%         1
 Freeze                   Ice            0%         1d3       83%         1
 Pain                     Necr           0%         1d4       83%         1
 Frozen Ramparts          Ice            0%         1d2       99%         3
 Vampiric Draining        Necr           0%         2d6       99%         3
 Hailstorm                Conj/Ice       0%         3d3       100%        4
 Leda's Liquefaction      Hex/Erth       0%         N/A       100%        4
 Lee's Rapid Deconstruct  Erth           0%         3d5*      100%        5
 Statue Form              Tmut/Erth      Unusable   N/A       N/A         6

Dungeon Overview and Level Annotations

Branches:
Dungeon (4/15)
 Temple: D:4-7

Altars:
Cheibriados
Elyvilon
Ru
Sif Muna
Uskayaw

Shops:
D:1 (:(

Annotations:
D:4 Dowan


Innate Abilities, Weirdness & Mutations

You are immune to sickness and miasma.
Your stone body is resilient. (AC +4)
You are immune to poison.
You resist negative energy. (rN+)
You are resistant to electric shocks. (rElec)
You are resistant to unholy torment.
You are immune to petrification.


Message History

You feel yourself speed up.
Things that are here:
a +0 short sword; a +1 leather armour of willpower Dowan gestures wildly while chanting.
Dowan blinks!
Dowan casts a spell.
Dowan blinks!
Dowan gestures wildly while chanting.
Dowan blinks!
You start resting.
Dowan is nearby!
You sock Dowan!
Dowan is heavily wounded.
Dowan casts a spell.
Dowan blinks!
Dowan casts a spell.
Dowan blinks!
Dowan points at you and mumbles some strange words.
You block the stone arrow.
You sock Dowan!
Dowan is severely wounded.
Dowan closely misses you.
You miss Dowan.
Dowan is severely wounded.
Dowan barely misses you.
You hit Dowan.
Dowan is almost dead.
Dowan hits you with a +0 dagger.
* * * LOW HITPOINT WARNING * * *
You barely miss Dowan.
Dowan is almost dead.
Dowan hits you but does no damage.
You hit Dowan but do no damage.
Dowan is almost dead.
Dowan hits you but does no damage.
You closely miss Dowan.
Dowan is almost dead.
Dowan points at you and mumbles some strange words.
The shard of ice hits you!!
You die...

#....................#
#.#################..#
#.##### #..#######.
#.#...# #..........
#.#...# #..#######.
#.#...# #########..# #
#.#...# #.....e....#
###.#...#####.########.#
................@e....>#
....#####'########.#####
######.......# #'# #
#.......# ... #
#.......# #.... #
#.......# #.(..#
######.......# #.(..#
.....+.......# #....#
######.......# #....#


You could see Dowan (fast).

Vanquished Creatures
  Duvessa (D:4)
  An ogre (D:4)
  A scorpion (D:4)
  A howler monkey (D:4)
  A jelly (D:2)
  A hound (D:4)
  An iguana (D:4)
  A hound skeleton (D:4)
  2 adders (D:4)
  An adder skeleton (D:4)
  3 worms
  2 dart slugs (D:2)
  An orc (D:4)
  5 ball pythons
  3 endoplasms
  4 giant cockroaches
  4 goblins (D:1)
  6 hobgoblins
  3 kobolds (D:3)
  12 bats
  2 frilled lizards
  3 rats
59 creatures vanquished.

Vanquished Creatures (others)
  2 fungi (D:2)
  3 plants (D:2)
5 creatures vanquished.

Grand Total: 64 creatures vanquished

Notes
Turn   | Place    | Note
-------+----------+-------------------------------------------
     0 | D:1      | nickcage the Gargoyle Fighter began the quest for the Orb.
     0 | D:1      | Reached XP level 1. HP: 14/14 MP: 1/1
    27 | D:1      | Found Zaff's Book Shoppe.
   196 | D:1      | Reached XP level 2. HP: 15/19 MP: 2/2
   326 | D:1      | Reached skill level 3 in Maces & Flails
   675 | D:1      | Found Fiush's Weapon Shoppe.
   746 | D:1      | Found Kipion's Antique Weapon Shop.
   901 | D:2      | Reached XP level 3. HP: 22/23 MP: 3/3
  1008 | D:2      | Found a faded altar of an unknown god.
  1113 | D:2      | Reached skill level 4 in Maces & Flails
  1113 | D:2      | Reached XP level 4. HP: 8/28 MP: 4/4
  2169 | D:3      | Found a white marble altar of Elyvilon.
  2383 | D:3      | Found a hide-covered altar of Uskayaw.
  2721 | D:3      | Found a shimmering blue altar of Sif Muna.
  2724 | D:3      | Found a snail-covered altar of Cheibriados.
  2731 | D:3      | Found a sacrificial altar of Ru.
  3048 | D:4      | Reached skill level 5 in Maces & Flails
  3048 | D:4      | Reached XP level 5. HP: 23/32 MP: 5/5
  3597 | D:4      | Reached skill level 6 in Maces & Flails
  3597 | D:4      | Reached XP level 6. HP: 30/37 MP: 6/6
  3994 | D:4      | Noticed Duvessa
  3994 | D:4      | Noticed Dowan
  4017 | D:4      | Killed Duvessa
  4018 | D:4      | Reached skill level 7 in Maces & Flails
  4018 | D:4      | Reached XP level 7. HP: 5/41 MP: 7/7
  4045 | D:4      | HP: 2/41 [Dowan/+0 dagger (6)]
  4048 | D:4      | Killed from afar by Dowan

Illustrated notes

Levels and vault maps discovered:
D:1:      dpeg_arrival_three_same_balls, layout_loops_ring, serial_shops, shop,
          nicolae_lakefront_shop, nicolae_shop_hallway_stairs
D:2:      layout_loops_ring, shapermc_ecumenical_altar_mp_urbaneastern
D:3:      layout_basic, elyvilon_altar_3, eat_drink_and_be_merry_uskayaw,
          grunt_temple_overflow_diamond, minmay_misc_feat_enclosed
D:4:      layout_basic, chequers_serial_rivers_large_a, uniq_ijyb, uniq_duvessa

Skill      XL: |  1  2  3  4  5  6 |
---------------+-------------------+-----
Maces & Flails | 3 4 5 6 7 |  7.3
Fighting       | |  3.2
Armour         | |  3.2
Shields        | |  3.2

Action                   |  1- 3 |  4- 6 |  7- 9 || total
-------------------------+-------+-------+-------++-------
Melee: Flail             |    78 |   142 |     7 ||   227
Throw: Javelin           |     1 |     4 |       ||     5
       Dart              |       |     6 |       ||     6
  Use: Scroll            |       |     7 |       ||     7
       Potion            |       |       |     1 ||     1
Armor: Scale mail        |    54 |    65 |     2 ||   121
Dodge: Dodged            |    45 |    52 |     2 ||    99
Block: Buckler           |    27 |    38 |     1 ||    66
